Map: Blueshift LE

Players

Grimreaper - Winner!

  • Race: Protoss Protoss
  • Spawn Location: 1:00

VOD

Have the link to the VOD?

Description

Time

  • Played on: Jan. 19, 2019, 5:20 p.m.
  • Length: 11:33
Show
View Real Time Build Order
Export as new Build Order

Grimreaper Protoss - Winner!

Build Orders:  

Get SALT Encoding   

  1  0:00  Probe (Chrono Boost)  
  13  0:10  Probe (Chrono Boost)  
  14  0:27  Pylon  
  14  0:37  Probe (Chrono Boost)  
  15  0:54  Probe (Chrono Boost)  
  16  1:02  Gateway  
  17  1:11  Probe (Chrono Boost)  
  17  1:17  Gateway  
  17  1:26  Assimilator  
  17  1:35  Assimilator  
  18  1:41  Probe (Chrono Boost)  
  18  1:58  Probe (Chrono Boost)  
  19  2:03  Pylon  
  19  2:08  Zealot  
  21  2:15  Probe (Chrono Boost)  
  22  2:28  Zealot  
  24  2:31  Pylon  
  24  2:34  Pylon  
  25  2:40  Probe (Chrono Boost)  
  25  2:47  Zealot  
  27  2:57  Probe (Chrono Boost)  
  28  3:02  Cybernetics Core  
  28  3:10  Zealot  
  28  3:18  Probe (Chrono Boost)  
  31  3:25  Zealot  
  33  3:39  Forge  
  33  3:48  Zealot  
  35  4:03  Zealot  
  37  4:28  Zealot  
  39  4:41  Zealot  
  37  5:33  Zealot  
  37  5:34  Zealot  
  41  5:40  Nexus  
  35  5:53  Probe (Chrono Boost)  
  36  6:04  Probe (Chrono Boost)  
  36  6:05  Warp Gate  
  37  6:11  Zealot  
  37  6:12  Zealot  
  37  6:18  Probe (Chrono Boost)  
  42  6:35  Probe (Chrono Boost)  
  41  6:49  Zealot  
  44  6:50  Zealot  
  44  6:52  Probe (Chrono Boost)  
  44  7:09  Probe (Chrono Boost)  
  41  7:10  Protoss Ground Weapons Level 1  
  41  7:26  Probe x2 (Chrono Boost)  
  43  7:38  Probe (Chrono Boost)  
  43  7:43  Probe (Chrono Boost)  
  43  7:45  Zealot x2  
  43  7:49  Probe (Chrono Boost)  
  51  8:00  Probe (Chrono Boost)  
  51  8:06  Probe (Chrono Boost)  
  52  8:14  Stalker  
  52  8:15  Stalker  
  52  8:17  Probe (Chrono Boost)  
  57  8:23  Probe (Chrono Boost)  
  58  8:34  Probe (Chrono Boost)  
  59  8:44  Gateway  
  59  8:45  Gateway  
  59  8:48  Gateway  
  59  8:49  Stalker  
  61  8:56  Stargate  
  61  8:59  Stargate  
  61  9:02  Pylon  
  61  9:07  Pylon  
  61  9:12  Pylon  
  61  9:17  Pylon  
  61  9:22  Pylon  
  61  9:26  Pylon  
  61  9:28  Stalker  
  61  9:29  Stalker  
  61  10:51  Pylon  
Tags
 
Matchup
Co-op
Replay Pack
Multiplayer
Add a new tag
Caveats
  • Supply blocks, unpowered buildings, or Contaminate may cause inaccurate times.
  • Supply counts are checked every 10 seconds.